 Dungeon Crawl Stone Soup version 0.31-a0-1-g4198be8 (webtiles) character file.

Game seed: 6442207045865706988

567 PublicAnimeNo1 the Stinger (level 7, -2/57 HPs)
             Began as a Black Draconian Venom Mage on May 1, 2023.
             Slain by an orc wizard
             ... wielding a +2 dagger of electrocution
              (5 damage)
             ... on level 6 of the Dungeon.
             The game lasted 00:10:39 (3638 turns).

PublicAnimeNo1 the Stinger (DrVM)                   Turns: 3638, Time: 00:10:40

Health: -2/57      AC:  6    Str: 10    XL:     7   Next: 11%
Magic:  2/11       EV: 12    Int: 18    God:
Gold:   163        SH:  0    Dex: 11    Spells: 6/12 levels left

rFire   . . .        c - +2 whip (venom)
rCold   . . .        (no shield)
rNeg    . . .        (body armour unavailable)
rPois   .            (helmet restricted)
rElec   +            (no cloak)
rCorr   .            (no gloves)
SInv    .            (no boots)
Will    .....        (no amulet)
Stlth   +            (no ring)
HPRegen 0.29/turn    (no ring)
MPRegen 0.12/turn

%: no passive effects
@: mighty, short of breath, silenced
A: breathe lightning, AC +6, unfitting armour, electricity resistance,
cold-blooded
a: Breathe Lightning


You were on level 6 of the Dungeon.
You visited 1 branch of the dungeon, and saw 5 of its levels.

You collected 163 gold pieces.

Inventory:

Hand Weapons
 a - a +2 short sword of flaming
 c - a +2 whip of venom (weapon)
 d - a +0 sling
 m - a +1 mace of protection
Magical Staves
 l - a staff of cold
Jewellery
 o - a ring of fire
Scrolls
 b - 2 scrolls of enchant weapon
 j - a scroll of brand weapon {unknown}
 k - a scroll of teleportation {unknown}
 n - a scroll of magic mapping
Potions
 f - a potion of magic
 q - a potion of resistance
 r - 4 potions of attraction


   Skills:
 + Level 3.5 Fighting
 - Level 1.7 Dodging
 + Level 3.8 Stealth
 + Level 3.1 Spellcasting
 - Level 1.0 Transmutations
 * Level 5.8 Poison Magic


You had 6 spell levels left.
You knew the following spells:

 Your Spells              Type           Power      Damage    Failure   Level
b - Poisonous Vapours     Pois/Air       26%        N/A       8%          2
c - Olgreb's Toxic Radia  Pois           23%        N/A       14%         4

Your spell library contained the following spells:

 Spells                   Type           Power      Damage    Failure   Level
 Sting                    Tmut/Pois      60%        1d6       4%          1
 Mephitic Cloud           Conj/Pois/Air  9%         N/A       22%         3
 Ensorcelled Hibernation  Hex/Ice        4%         N/A       24%         2
 Airstrike                Air            1%         2d(1-17)  85%         4
 Arcjolt                  Conj/Air       1%         1d11      99%         5
 Summon Forest            Summ/Tloc      1%         N/A       99%         5
 Summon Mana Viper        Hex/Summ       2%         N/A       99%         5
 Summon Cactus Giant      Summ           1%         N/A       100%        6
 Chain Lightning          Conj/Air       1%         3d1       100%        9


Dungeon Overview and Level Annotations

Branches:
Dungeon (4/15)
 Temple: D:4-7

Altars:

Annotations:
D:6 Pikel


Innate Abilities, Weirdness & Mutations

You can breathe wild blasts of lightning.
Your glossy black scales are hard. (AC +6)
You cannot fit into any form of body armour.
You are resistant to electric shocks. (rElec)
You are cold-blooded and may be slowed by cold attacks.


Message History

You closely miss the orc. Something hits you but does no damage.
The orc hits you but does no damage.
Pikel, Merchant of Souls comes into view.
He is wielding a +1 whip of flaming.
You hit the orc. You burn the orc.
The orc is heavily wounded.
The orc hits you with a +0 short sword.
You hear some strange, mumbled words.
A magic dart appears from out of thin air!
The magic dart hits you.
* * * LOW HITPOINT WARNING * * *
A lemure comes into view.
Okay, then.
As you read the scroll labelled SIEROA CEPH, it crumbles to dust.
A profound silence engulfs you.
It was a scroll of silence.
Something hits you.
* * * LOW HITPOINT WARNING * * *
The orc hits you but does no damage.
You feel very mighty all of a sudden. The orc hits you but does no damage.
Something hits you but does no damage.
An orc comes into view. It is wielding a +0 trident.
Your +2 short sword of flaming stops flaming.
Your +2 whip of venom begins to drip with poison!
c - a +2 whip of venom (weapon)
You closely miss the orc. You tail-slap the orc.
You kill the orc!
Something hits you but does no damage.
You miss something. Something hits you but does no damage.
Your magical contamination has completely faded away.
You barely miss something. Something hits you.
* * * LOW HITPOINT WARNING * * *
You closely miss something. Something hits you.
* * * LOW HITPOINT WARNING * * *
Pikel hits you with a +1 whip of flaming.
* * * LOW HITPOINT WARNING * * *
Pikel burns you.
* * * LOW HITPOINT WARNING * * *
Something hits you but does no damage.
A lemure comes into view.
You completely miss something.
Your tail-slap misses something.
Something hits you.
You die...

. .....
#########.....
#@K5o.†......#
##{)#####.g.#. .
##).# .##....
##)####.##....
#..5.#†.?....
####..h..>...
...........#....
#######.##...# #
#h# ##g#


You could see Pikel, 2 lemures and an orc.

Vanquished Creatures
  An ice beast (D:6)
  A phantom (D:6)
  A kobold brigand (D:4)
  A howler monkey (D:6)
  A hound (D:6)
  An orc priest (D:3)
  An iguana (D:6)
  Robin (D:2)
  5 gnolls
  3 adders
  A shadow imp (D:6)
  An ufetubus (D:6)
  5 worms
  A dart slug (D:2)
  6 orcs
  3 ball pythons
  2 bats (D:3)
  5 endoplasms
  3 giant cockroaches
  13 goblins
  7 hobgoblins
  7 jackals
  5 quokkas
  2 frilled lizards
  9 kobolds
  3 rats
89 creatures vanquished.

Notes
Turn   | Place    | Note
-------+----------+-------------------------------------------
     0 | D:1      | PublicAnimeNo1 the Draconian Venom Mage began the quest for
                  | the Orb.
     0 | D:1      | Reached XP level 1. HP: 14/14 MP: 3/3
   326 | D:1      | Reached XP level 2. HP: 22/22 MP: 0/5
   489 | D:1      | Reached skill level 1 in Fighting
  1042 | D:2      | Reached XP level 3. HP: 28/28 MP: 4/6
  1430 | D:2      | Noticed Robin
  1438 | D:2      | Reached skill level 4 in Poison Magic
  1444 | D:2      | Killed Robin
  1445 | D:2      | Reached XP level 4. HP: 36/36 MP: 1/7
  1604 | D:2      | Learned a level 2 spell: Poisonous Vapours
  2288 | D:3      | Identified the +0 robe "Naoravev" {rN++ Str-4}
  2442 | D:3      | Learned a level 4 spell: Olgreb's Toxic Radiance
  2491 | D:3      | Got the Atlas of the Shivering Squall
  2556 | D:3      | Reached XP level 5. HP: 41/41 MP: 8/8
  3410 | D:3      | Reached skill level 5 in Poison Magic
  3510 | D:4      | You fall into a shaft and drop 2 floors!
  3532 | D:6      | Reached XP level 6. HP: 40/50 MP: 4/9
  3548 | D:6      | Noticed an ice beast
  3575 | D:6      | Killed an ice beast
  3621 | D:6      | Your scales start taking on a glossy black colour.
  3621 | D:6      | Reached XP level 7. HP: 34/57 MP: 2/11
  3621 | D:6      | Gained mutation: You are resistant to electric shocks.
                  | (rElec) [Black Draconian growth]
  3628 | D:6      | Noticed Pikel
  3636 | D:6      | HP: 2/57 [Pikel/+1 whip of flaming (1)]
  3638 | D:6      | Slain by an orc wizard

Illustrated notes

Levels and vault maps discovered:
D:1:      zelgadis_glass_arrival_small, layout_loops_ring, nicolae_titane
D:2:      layout_loops_cross, st_stairs_5, grunt_decor_resistance,
          minmay_pentomino_u2, uniq_robin
D:3:      layout_basic
D:4:      layout_loops_ring, corexii_checkpoint_a, kennysheep_generic_room_6
D:6:      layout_rooms, minmay_temple_entry_enclosed_plants,
          minmay_crystal_water, hangedman_abyss_or_decor_jellyfish_corner,
          uniq_crazy_yiuf_cottage, uniq_pikel, uniq_eustachio

Skill      XL: |  1  2  3  4  5  6 |
---------------+-------------------+-----
Stealth        | 2 3 |  3.8
Fighting       | 1 2 3 |  3.5
Poison Magic   | 4 5 |  5.8
Spellcasting   | 3 |  3.1
Dodging        | |  1.7
Transmutations | |  1.0

Action                     |  1- 3 |  4- 6 |  7- 9 || total
---------------------------+-------+-------+-------++-------
  Melee: Unarmed           |     3 |       |       ||     3
         Punch             |     1 |       |       ||     1
         Short sword       |       |    34 |     6 ||    40
         Tailslap          |       |     5 |     3 ||     8
         Whip              |       |       |     5 ||     5
   Fire: Sling             |    87 |   132 |       ||   219
   Cast: Sting             |    35 |    32 |       ||    67
         Poisonous Vapours |       |    20 |       ||    20
Ability: Breathe Lightning |       |       |     1 ||     1
  Evoke: Wand              |       |    22 |       ||    22
    Use: Scroll            |     2 |     8 |     1 ||    11
         Potion            |     2 |     4 |     1 ||     7
 Armour: Skin              |    75 |   120 |     9 ||   204
  Dodge: Dodged            |    49 |   123 |     3 ||   175

Table legend: (Time is in decaauts)
 A = Elapsed time spent in this place.
 B = Non-inter-level travel time spent in this place.
 C = Inter-level travel time spent in this place.
 D = Time resting spent in this place.
 E = Time spent auto-exploring this place.
 F = Levels seen in this place.
 G = Mean time per level.
                   A        B        C        D        E       F      G
               +--------+--------+--------+--------+--------+-----+--------+
         Total |   3731 |   3576 |    155 |    641 |   2193 |   5 |  746.2 |
       Dungeon |   3731 |   3576 |    155 |    641 |   2193 |   5 |  746.2 |
               +--------+--------+--------+--------+--------+-----+--------+

Top non-repeatable levels by time:
     D:3: 1366 daAuts
     D:2: 1220 daAuts
     D:1: 973 daAuts
     D:6: 127 daAuts
     D:4: 43 daAuts
